 Dungeon Crawl Stone Soup version 0.29-a0-330-g52719c12eb (webtiles) character file.

Game seed: 1713684586333246417

202 kae the Spear-Bearer (level 5, -5/38 HPs)
             Began as a Merfolk Gladiator on Apr 20, 2022.
             Slain by Edmund
             ... wielding a +1 dire flail of protection
              (8 damage)
             ... on level 4 of the Dungeon.
             The game lasted 00:01:01 (2508 turns).

kae the Spear-Bearer (Merfolk Gladiator)            Turns: 2508, Time: 00:01:02

Health: -5/38      AC:  5    Str: 15 (16) XL:     5   Next: 80%
Magic:  14/14      EV: 13    Int:  4 (7)  God:
Gold:   128        SH:  0    Dex: 15 (16) Spells: 4/4 levels left

rFire   . . .      SeeInvis .   a - +0 trident
rCold   . . .      Faith    .   (no shield)
rNeg    . . .      Spirit   .   b - +0 leather armour
rPois   .          Reflect  .   c - +0 helmet
rElec   .          Harm     .   (no cloak)
rCorr   .          Rampage  .   i - +0 pair of gloves
Will    .....                   (no boots)
Stlth   +.........              (no amulet)
HPRegen 0.12/turn               h - ring of magical power
MPRegen 0.14/turn               (no ring)

@: lethally poisoned (-5 -> -11)
A: (nimble swimmer 2), mertail
a: no special abilities


You were on level 4 of the Dungeon.
You visited 1 branch of the dungeon, and saw 4 of its levels.

You collected 128 gold pieces.

Inventory:

Hand Weapons
 a - a +0 trident (weapon)
Missiles
 d - 3 throwing nets (quivered)
 e - a javelin
Armour
 b - a +0 leather armour (worn)
 c - a +0 helmet (worn)
 i - a +0 pair of gloves (worn)
Jewellery
 h - a ring of magical power (left hand)
Scrolls
 j - 2 scrolls of noise {unknown}
 n - a scroll of vulnerability {unknown}
 o - 3 scrolls of identify {unknown}
 p - a scroll of enchant armour {unknown}
 q - 3 scrolls of torment {unknown}
Potions
 f - a potion of degeneration
 k - a potion of magic {unknown}
 l - 2 potions of flight {unknown}
 m - a potion of invisibility {unknown}


   Skills:
 - Level 2.1 Fighting
 + Level 8.3 Polearms
 - Level 2.0 Throwing
 - Level 4.0 Dodging


You had 4 spell levels left.
You didn't know any spells.
Your spell library contained the following spells:

 Spells                   Type           Power      Damage    Failure   Level
 Apportation              Tloc           0%         N/A       56%         1
 Sandblast                Erth           0%         2d4       56%         1
 Sting                    Tmut/Pois      0%         1d3       56%         1
 Passwall                 Tmut/Erth      0%         N/A       71%         2
 Poisonous Vapours        Pois/Air       0%         N/A       71%         2
 Stone Arrow              Conj/Erth      0%         3d7       91%         3
 Olgreb's Toxic Radiance  Pois           0%         N/A       100%        4
 Alistair's Intoxication  Tmut/Pois      0%         N/A       100%        5


Dungeon Overview and Level Annotations

Branches:
Dungeon (4/15)             Temple (0/1) D:4

Altars:
Cheibriados
Dithmenos
Okawaru
Uskayaw
Wu Jian

Annotations:
D:4 Edmund


Innate Abilities, Weirdness & Mutations

((You are very nimble when in or above water. (Stealth+, EV+, Speed+++)))
Your lower body shifts to a powerful aquatic tail in water.


Message History

Edmund shouts!
The adder hisses angrily.
A kobold comes into view. It is wielding a +0 short sword.
The kobold shouts!
You hear an angry hiss.
There are monsters nearby!
You hit the adder but do no damage. The adder bites you but does no damage.
You barely miss Edmund. Your punch misses Edmund.
Edmund hits you with a +1 dire flail of protection!
The adder closely misses you.
There are monsters nearby!
There are monsters nearby!
You puncture Edmund!
Edmund is lightly wounded.
The adder bites you but does no damage. Edmund misses you.
You hit Edmund but do no damage.
Edmund is lightly wounded.
The adder bites you but does no damage. Edmund misses you.
There are monsters nearby!
You hit Edmund but do no damage.
Edmund is lightly wounded.
The adder closely misses you. Edmund barely misses you. The adder misses you.
You puncture Edmund!
Edmund is moderately wounded.
The adder misses you.
Edmund hits you with a +1 dire flail of protection!
As you read the scroll labelled WAOSIALOOK, it crumbles to dust.
You feel aware of your surroundings.
It was a scroll of magic mapping.
The adder bites you.
You are poisoned.
The adder poisons you!
Edmund hits you with a +1 dire flail of protection!
* * * LOW HITPOINT WARNING * * *
It was a potion of degeneration.
There was something very wrong with that liquid.
You feel weakened.
You feel dopey.
You feel clumsy.
* * * LOW HITPOINT WARNING * * *
You feel sick. The adder barely misses you.
An iguana comes into view.
The kobold hits you but does no damage.
Edmund hits you with a +1 dire flail of protection!
You die...

,*,*,* #.......# *,**,,** **,
*,,,** ##.....## *,**,,* *,
**,** ##...## *,***,** **, *,*
###...### *,,,,,,***,, *,*
######.......# *******,,,,*
**,* #......<..##.#
*,,,,,**,*,* ,>,*
#.##.......#.####.#**,**,,,*
****
*,#.........K......,,,,*****
*,#........@S..#..#,,*,,*
*****,#.........@.###..,***,*
*,,,,...........#..#...,,*,,*
*,**#.##.....$..##....#,,,,**
**,**#.*#.#....###*#...#,*,,*
*,,,,,,...#.....,,*,...#,,,,**
*,,*,*,.#*#.....,,,,*..#,,*,,*
*,,,,,,,* #....,,,,***.l,***,*
*,**,,*,* *,,,,,,,,,*,,,,,*,,*


You could see Edmund, an iguana (wandering), an adder and a kobold.

Vanquished Creatures
  A bullfrog (D:3)
  A necrophage (D:4)
  2 adders (D:2)
  A dart slug (D:2)
  2 orcs (D:3)
  6 ball pythons
  6 bats
  5 endoplasms
  2 giant cockroaches (D:3)
  4 goblins
  4 hobgoblins
  4 jackals (D:1)
  2 kobolds
  2 quokkas
  A frilled lizard (D:3)
  5 rats
48 creatures vanquished.

Vanquished Creatures (others)
  4 toadstools (D:1)
4 creatures vanquished.

Grand Total: 52 creatures vanquished

Notes
Turn   | Place    | Note
-------+----------+-------------------------------------------
     0 | D:1      | kae the Merfolk Gladiator began the quest for the Orb.
     0 | D:1      | Reached XP level 1. HP: 16/16 MP: 1/1
   126 | D:1      | Reached XP level 2. HP: 22/22 MP: 2/2
   207 | D:1      | Reached skill level 5 in Polearms
   614 | D:2      | Reached XP level 3. HP: 27/27 MP: 3/3
   737 | D:2      | Reached skill level 6 in Polearms
  1078 | D:3      | Found a shadowy altar of Dithmenos.
  1079 | D:3      | Found a hide-covered altar of Uskayaw.
  1081 | D:3      | Found an ornate altar of the Wu Jian Council.
  1081 | D:3      | Found a snail-covered altar of Cheibriados.
  1157 | D:3      | Reached XP level 4. HP: 33/33 MP: 4/4
  1180 | D:3      | Found an iron altar of Okawaru.
  1379 | D:3      | Found a faded altar of an unknown god.
  1888 | D:4      | Noticed a necrophage
  1906 | D:4      | Killed a necrophage
  1907 | D:4      | Reached skill level 7 in Polearms
  1907 | D:4      | Reached XP level 5. HP: 14/38 MP: 5/5
  2325 | D:3      | Reached skill level 8 in Polearms
  2498 | D:4      | Noticed Edmund
  2508 | D:4      | Slain by Edmund

Illustrated notes

Levels and vault maps discovered:
D:1:      ldierk_water_garden, layout_loops_ring
D:2:      layout_rooms, dk_vineyard_3
D:3:      layout_loops_ring, mainiacjoe_overflow_boulevard,
          chequers_temple_overflow_statue_of_worship,
          hellmonk_ecumenical_altar_crossroads
D:4:      layout_loops_cross, minmay_temple_entry_mini_moons, serial_glass,
          glass_columns_b, glass_columns_a, due_unseen_surprise,
          minmay_strange_pillars, feat_on_display, minmay_strange_pillars,
          uniq_edmund, uniq_natasha

Skill      XL: |  1  2  3  4  5 |
---------------+----------------+-----
Polearms       | 5 6 7 8 |  8.3
Fighting       | |  2.1
Throwing       | |  2.0
Dodging        | |  4.0

Action                   |  1- 3 |  4- 6 || total
-------------------------+-------+-------++-------
Melee: Trident           |    76 |    73 ||   149
       Punch             |     1 |       ||     1
  Use: Scroll            |       |     1 ||     1
       Potion            |       |     1 ||     1
 Stab: Sleeping          |     3 |       ||     3
Armor: Leather armour    |    14 |    23 ||    37
Dodge: Dodged            |    34 |    61 ||    95

Table legend: (Time is in decaauts)
 A = Elapsed time spent in this place.
 B = Non-inter-level travel time spent in this place.
 C = Inter-level travel time spent in this place.
 D = Time resting spent in this place.
 E = Time spent auto-exploring this place.
 F = Levels seen in this place.
 G = Mean time per level.
                   A        B        C        D        E       F      G
               +--------+--------+--------+--------+--------+-----+--------+
         Total |   2500 |   2418 |     82 |    415 |   1671 |   4 |  625.0 |
       Dungeon |   2500 |   2418 |     82 |    415 |   1671 |   4 |  625.0 |
               +--------+--------+--------+--------+--------+-----+--------+

Top non-repeatable levels by time:
     D:3: 1272 daAuts
     D:1: 607 daAuts
     D:2: 449 daAuts
     D:4: 170 daAuts
